 Dungeon Crawl Stone Soup version 0.22.1-2-g9c5b331383 (webtiles) character file.

4127 Ihlosi the Covert (level 10, -1/65 HPs)
             Began as a Kobold Gladiator on Dec 18, 2018.
             Was a Believer of Kikubaaqudgha.
             Slain by an orc warlord
             ... wielding a +0 bardiche
              (28 damage)
             ... in a bailey on Dec 19, 2018.
             The game lasted 00:29:43 (8633 turns).

Ihlosi the Covert (Kobold Gladiator)                Turns: 8633, Time: 00:29:43

Health: -1/65      AC: 12    Str: 13    XL:     10   Next: 51%
Magic:  0/12       EV: 21    Int: 11    God:    Kikubaaqudgha [**....]
Gold:   528        SH:  0    Dex: 19    Spells: 6/12 levels left

rFire    + . .     SeeInvis .   w - +7 spear of the Present {venom, Int+2}
rCold    . . .     Gourm    .   (shield restricted)
rNeg     . . .     Faith    .   g - +2 leather armour {rF+}
rPois    .         Spirit   +   c - +0 helmet
rElec    .         Reflect  .   K - +0 cloak
rCorr    .         Harm     .   (no gloves)
MR       .....                  C - +1 pair of boots
Stlth    ++++......             x - amulet of guardian spirit
HPRegen  0.20/turn              p - ring of wizardry
MPRegen  0.13/turn              D - +3 ring of protection

@: very slightly contaminated, hasted, very quick
A: small, carnivore
a: Receive Corpses, Renounce Religion


You were in a bailey.
You worshipped Kikubaaqudgha.
Kikubaaqudgha was pleased with you.
You were completely stuffed.

You visited 2 branches of the dungeon, and saw 10 of its levels.
You also visited: Sewer and Bailey.

You collected 528 gold pieces.

Inventory:

Hand Weapons
 a - a +1 rapier
 o - a +0 long sword
 v - a +0 long sword
 w - the +7 spear of the Present (weapon) {venom, Int+2}
   (You found it on level 4 of the Dungeon)

   It poisons the flesh of those it strikes.
   It affects your intelligence (+2).
 F - a +3 falchion
 L - a +2 falchion of slicing
Missiles
 d - a throwing net (quivered)
 i - 16 bolts
Armour
 c - a +0 helmet (worn)
 g - a +2 leather armour of fire resistance (worn)
 r - a +0 buckler
 B - the +1 robe of the Three Nights {Int+3 Dex+3}
   (You took it off a centaur on level 5 of the Dungeon)

   It affects your intelligence (+3).
   It affects your dexterity (+3).
 C - a +1 pair of boots (worn)
 E - a cursed +0 leather armour
 K - a +0 cloak (worn)
Magical Staves
 I - an uncursed staff of earth
Jewellery
 p - a ring of wizardry (left hand)
 x - an amulet of guardian spirit (around neck)
 y - an uncursed ring of protection from fire
 A - an uncursed amulet of the acrobat
 D - a +3 ring of protection (right hand)
Wands
 q - a wand of disintegration (9)
Scrolls
 e - a scroll of enchant armour
 n - 4 scrolls of remove curse
 s - 2 scrolls of blinking
 t - 4 scrolls of teleportation
 z - 2 scrolls of enchant weapon
 H - a scroll of brand weapon
 J - 5 scrolls of amnesia
Potions
 h - 3 potions of haste
 l - 2 potions of flight
 m - a potion of brilliance
 u - 2 potions of cancellation
 N - a potion of magic
Comestibles
 f - 20 rations


   Skills:
 * Level 8.9 Fighting
 - Level 6.0(6.9) Short Blades
 * Level 3.0(3.9) Long Blades
 - Level 2.1 Throwing
 - Level 3.0 Armour
 * Level 8.0 Dodging
 * Level 9.6 Stealth
 * Level 2.3 Shields
 * Level 1.9 Spellcasting
 * Level 1.8 Necromancy
 * Level 2.5 Evocations


You had 6 spell levels left.
You knew the following spells:

 Your Spells              Type           Power        Failure   Level  Hunger
a - Pain                  Necr           #...         8%          1    ##.....
b - Corpse Rot            Necr           N/A          11%         2    ###....
c - Regeneration          Chrm/Necr      #.........   30%         3    ####...

Your spell library contained the following spells:

 Spells                   Type           Power        Failure   Level  Hunger
 Sublimation of Blood     Necr           #.........   11%         2    ###....
 Confusing Touch          Hex            #.....       16%         1    ##.....
 Confuse                  Hex            #.......     41%         3    ####...
 Gell's Gravitas          Tloc           #.........   41%         3    ####...
 Petrify                  Tmut/Erth      #.......     80%         4    #####..
 Metabolic Englaciation   Hex/Ice        #.........   98%         5    ######.
 Yara's Violent Unravell  Hex/Tmut       #.........   98%         5    ######.


Dungeon Overview and Level Annotations

Branches:
Dungeon (9/15)             Temple (1/1) D:7
   Lair: D:8-11         Orc: D:9-12

Altars:
Ashenzari
Cheibriados
Dithmenos
Elyvilon
Fedhas
Gozag
Hepliaklqana
Kikubaaqudgha
Makhleb
Nemelex Xobeh
Okawaru
Qazlal
Ru
Sif Muna
Trog
Uskayaw
Vehumet
Wu Jian
Xom
Yredelemnul
Zin
The Shining One

Annotations:
D:7 2 runed doors, exclusion: orange crystal statue


Innate Abilities, Weirdness & Mutations

You are small and have problems with some larger weapons.
You are carnivorous and can eat meat at any time.


Message History

Press: ? - help, Shift-Dir - straight line, f/p - orc warlord
Aim: an orc warlord, wielding a bardiche and wearing a chain mail (severely The orc warlord resists with some effort.
You completely miss the orc warlord.
The orc warlord is severely wounded.
The orc warlord roars a battlecry!
The orc warrior goes into a battle-frenzy!
You feel better.
The orc warrior no longer looks unusually strong.
You hit the orc warlord but do no damage.
The orc warlord looks as sick as possible!
The orc warlord is severely wounded.
The orc warlord roars a battlecry!
The orc warrior goes into a battle-frenzy!
You hit the orc warlord but do no damage.
The orc warlord looks as sick as possible!
The orc warlord is severely wounded.
The orc warlord hits you with a bardiche!!
You die...
Kikubaaqudgha rasps: "You have failed me!
Welcome... death!"

.###
....###.###..%..### ##
......###.........## #
......##8.......%..# #
.....o.#8..........# #
.....goog(...⌠....∩# #
.......#8...%......# #
....og##8.g....%...#
##
o.....###.oo..%..!##
.###
....###.###@....###
...###.###.....#'#.###
.....###.......))###
......#...........#
......#...........#
⌠....)#)....⌠.....#
.....)))..........#
......#...........#
.....###.........##


You could see an orc warlord (inner flame), 4 orc warriors and 2 hobgoblins.

Vanquished Creatures
  An orc knight (Bailey)
  2 hippogriffs
  A slime creature (D:8)
  A hungry ghost (D:8)
  A water moccasin (D:8)
  7 orc warriors
  A sky beast (D:7)
  A phantom (D:8)
  6 ogres
  3 centaurs
  A bullfrog (D:8)
  A big kobold (D:6)
  A scorpion (D:8)
  5 wights
  4 howler monkeys
  A crimson imp (D:6)
  A quasit (D:8)
  2 orc priests
  3 hounds
  A jelly (D:5)
  3 iguanas
  2 orc wizards
  2 worker ants
  A hound zombie (D:7)
  A howler monkey skeleton (D:5)
  5 gnolls (Bailey)
  11 adders
  2 shadow imps
  5 oozes (Sewer)
  4 adder skeletons
  2 adder zombies
  5 worms
  6 leopard geckos
  27 orcs
  8 giant cockroaches
  30 goblins
  17 hobgoblins
  11 jackals
  4 quokkas
  7 ball pythons
  18 bats
  5 frilled lizards
  9 kobolds
  A leopard gecko zombie (D:8)
  2 quokka skeletons
  11 rats
243 creatures vanquished.

Notes
Turn   | Place    | Note
-------+----------+-------------------------------------------
     0 | D:1      | Ihlosi the Kobold Gladiator began the quest for the Orb.
     0 | D:1      | Reached XP level 1. HP: 12/12 MP: 1/1
    67 | D:1      | Reached XP level 2. HP: 13/17 MP: 2/2
   204 | D:1      | Reached skill level 1 in Stealth
   468 | D:1      | Reached XP level 3. HP: 18/22 MP: 3/3
   959 | D:2      | Reached XP level 4. HP: 16/27 MP: 4/4
  1194 | D:3      | Reached skill level 1 in Armour
  1194 | D:3      | Reached skill level 2 in Stealth
  1352 | D:3      | Reached XP level 5. HP: 31/31 MP: 5/5
  1413 | D:3      | Reached skill level 5 in Short Blades
  2367 | D:4      | Got a twisted spear
  2368 | D:4      | Identified the +7 spear of the Present {venom, Int+2} (You
                  | found it on level 4 of the Dungeon)
  2449 | D:4      | Reached XP level 6. HP: 37/37 MP: 6/6
  2565 | D:4      | Found a bloodstained altar of Trog.
  2565 | D:4      | Found a white marble altar of Elyvilon.
  2616 | D:4      | Found a deep blue altar of Sif Muna.
  2633 | D:5      | Entered Level 5 of the Dungeon
  2654 | D:5      | Reached skill level 5 in Dodging
  2694 | D:5      | Noticed an ogre
  2710 | D:5      | Killed an ogre
  2710 | D:5      | Reached skill level 3 in Stealth
  2794 | D:5      | Found an ornate altar of the Wu Jian Council.
  2902 | D:5      | Found a hide-covered altar of Uskayaw.
  3021 | D:5      | Reached XP level 7. HP: 41/41 MP: 7/7
  3036 | D:5      | Got a warped robe
  3172 | D:5      | Identified the +1 robe of the Three Nights {Int+3 Dex+3}
                  | (You took it off a centaur on level 5 of the Dungeon)
  3241 | D:5      | Reached skill level 4 in Stealth
  3392 | D:6      | Found a glowing drain.
  3407 | Sewer    | Entered a sewer
  4126 | D:6      | Reached skill level 5 in Stealth
  4199 | D:6      | Found a sparkling altar of Nemelex Xobeh.
  4538 | D:6      | Reached XP level 8. HP: 43/48 MP: 8/8
  4582 | D:6      | Reached skill level 6 in Stealth
  4658 | D:7      | Reached skill level 5 in Fighting
  4672 | D:7      | Noticed a hippogriff
  4702 | D:7      | Killed a hippogriff
  5168 | D:7      | Found a blossoming altar of Fedhas.
  5174 | D:7      | Found a staircase to the Ecumenical Temple.
  5190 | Temple   | Entered the Ecumenical Temple
  5323 | Temple   | Became a worshipper of Kikubaaqudgha
  5368 | D:7      | Reached XP level 9. HP: 56/57 MP: 9/9
  5416 | D:7      | Reached skill level 7 in Stealth
  5432 | D:7      | Found a runed door.
  5432 | D:7      | Noticed an orange crystal statue
  5502 | D:7      | Found the +10 large shield of Ignorance {rN+ Int-4}
  5507 | D:7      | Found a runed door.
  5733 | D:7      | Reached skill level 1 in Long Blades
  5733 | D:7      | Reached skill level 1 in Shields
  6083 | D:8      | Noticed a hippogriff
  6152 | D:8      | Killed a hippogriff
  6446 | D:8      | Noticed a slime creature
  6577 | D:8      | Reached skill level 8 in Stealth
  7240 | D:8      | Killed a slime creature
  7240 | D:8      | Reached skill level 1 in Evocations
  7267 | D:8      | Reached * piety under Kikubaaqudgha
  7267 | D:8      | Identified Kikubaaqudgha's Almanac of Necromancy
                  | (Kikubaaqudgha gifted it to you on level 8 of the Dungeon)
  7267 | D:8      | Received a gift from Kikubaaqudgha
  7267 | D:8      | Reached skill level 9 in Stealth
  7267 | D:8      | Reached skill level 1 in Spellcasting
  7267 | D:8      | Reached XP level 10. HP: 18/65 MP: 6/11
  7695 | D:8      | Reached skill level 1 in Necromancy
  7700 | D:9      | Found a flagged portal.
  7722 | D:9      | Learned a level 1 spell: Pain
  7725 | D:9      | Learned a level 2 spell: Corpse Rot
  7729 | D:9      | Learned a level 3 spell: Regeneration
  7848 | Bailey   | Entered a bailey
  8366 | Bailey   | Reached ** piety under Kikubaaqudgha
  8583 | Bailey   | Noticed an orc knight
  8583 | Bailey   | Noticed an orc warlord
  8600 | Bailey   | Killed an orc knight
  8604 | Bailey   | HP: 2/65 [orc warlord/bardiche (40)]
  8633 | Bailey   | Slain by an orc warlord

Skill      XL: |  1  2  3  4  5  6  7  8  9 10 |
---------------+-------------------------------+-----
Stealth        | 1 2 3 5 6 9 |  9.6
Dodging        | 4 5 6 7 8 |  8.0
Armour         | 1 2 3 |  3.0
Short Blades   | 5 6 |  6.0
Fighting       | 3 4 7 8 |  8.9
Long Blades    | 2 3 |  3.0
Shields        | 1 2 |  2.3
Evocations     | 1 2 |  2.5
Spellcasting   | 1 |  1.9
Necromancy     | 1 |  1.8
Throwing       | |  2.1

Action                   |  1- 3 |  4- 6 |  7- 9 | 10-12 || total
-------------------------+-------+-------+-------+-------++-------
Melee: Rapier            |    90 |   144 |    58 |     9 ||   301
       Spear             |       |    44 |   268 |   148 ||   460
       Falchion          |       |       |    18 |    13 ||    31
Throw: Throwing net      |       |     1 |       |     3 ||     4
Evoke: Wand              |       |       |     7 |     5 ||    12
  Use: Potion            |       |     1 |     9 |     4 ||    14
       Scroll            |       |     5 |     9 |     9 ||    23
 Stab: Sleeping          |     2 |     8 |    19 |       ||    29
       Held in net/web   |       |     2 |       |     3 ||     5
       Invisible         |       |       |     3 |       ||     3
  Eat: Chunk             |     8 |     6 |    14 |    11 ||    39
       Ration            |       |       |       |     1 ||     1
Armor: Leather armour    |    20 |    36 |    91 |    26 ||   173
Dodge: Dodged            |    68 |   166 |   322 |   161 ||   717
       Rpst.: Falchion   |       |       |     3 |     6 ||     9
